 Dungeon Crawl Stone Soup version bcrawl-1.27.1b (webtiles) character file.

Game seed: 3298682295645129715

149877 Sapher the Sneak (level 3, 16/28 HPs)
             Began as a Gnoll Archaeologist on July 27, 2020.
             Quit the game on level 4 of the Dungeon.
             The game lasted 00:04:09 (380 turns).

Sapher the Sneak (Gnoll Archaeologist)               Turns: 380, Time: 00:04:09

Health: 16/28      AC:  7    Str: 13    XL:     3   Next: 8%
Magic:  3/3        EV: 15    Int: 17    God:
Gold:   17         SH:  0    Dex: 13    Spells: 3/3 levels left

rFire    . . .     SeeInvis .   a - +0 whip
rCold    . . .     Gourm    .   (no shield)
rNeg     . . .     Faith    .   b - +1 robe
rPois    .         Spirit   .   c - +1 hat
rElec    .         Reflect  .   (no cloak)
rCorr    .         Harm     .   (no gloves)
MR       .....                  d - +2 pair of boots
Stlth    +++.......             (no amulet)
HPRegen  0.09/turn              (no ring)
MPRegen  0.08/turn              (no ring)

@: no status effects
A: distributed training, antennae 1, fangs 1, hooves 1, strong nose
a: no special abilities


You were on level 4 of the Dungeon.
You were not hungry.

You visited 1 branch of the dungeon, and saw 5 of its levels.

You collected 17 gold pieces.

Inventory:

Hand Weapons
 a - a +0 whip (weapon)
Missiles
 j - 71 poisoned needles
Armour
 b - a +1 robe (worn)
 c - a +1 hat (worn)
 d - a +2 pair of boots (worn)
Miscellaneous
 f - a dusty tome
Comestibles
 e - a ration {!d}


   Skills:
 + Level 2.5 Fighting
 + Level 0.6 Short Blades
 + Level 0.6 Long Blades
 + Level 0.6 Axes
 + Level 2.5 Maces & Flails
 + Level 0.6 Polearms
 + Level 0.6 Staves
 + Level 0.6 Slings
 + Level 0.6 Bows
 + Level 0.6 Crossbows
 + Level 0.6 Throwing
 + Level 0.6 Armour
 + Level 6.5 Dodging
 + Level 6.5 Stealth
 + Level 0.6 Shields
 + Level 0.6 Unarmed Combat
 + Level 0.6 Spellcasting
 + Level 0.4 Conjurations
 + Level 0.4 Hexes
 + Level 0.4 Charms
 + Level 0.4 Summonings
 + Level 0.4 Necromancy
 + Level 0.4 Translocations
 + Level 0.4 Transmutations
 + Level 0.4 Fire Magic
 + Level 0.4 Ice Magic
 + Level 0.4 Air Magic
 + Level 0.4 Earth Magic
 + Level 0.4 Poison Magic
 + Level 0.8 Invocations
 + Level 0.6 Evocations


You had 3 spell levels left.
You didn't know any spells.
Your spell library was empty.

Dungeon Overview and Level Annotations

Branches:
Dungeon (5/12)
 Temple: D:4-7

Altars:
Dithmenos

Annotations:
D:3 Grinder


Innate Abilities, Weirdness & Mutations

Your experience applies equally to all skills.
You have very sharp teeth.
Your uncanny sense of smell can sniff out nearby items.
You have a pair of small antennae on your head.
You have large cloven feet.


Message History

The orc priest completely misses you.
As you read the scroll labeled WISOIM HINUHOIWK, it crumbles to dust.
It is a scroll of enchant armour.
Your +1 pair of boots glows green for a moment.
The orc closely misses you.
You barely miss the orc.
It was a potion of mutation.
You feel extremely strange. A pair of antennae grows on your head!
Your feet thicken and deform.
The orc hits you but does no damage. The orc hits you with a +0 hand axe.
The orc barely misses you.
The orc wizard casts a spell.
The orc wizard flickers and vanishes!
Deactivating autopickup; reactivate with Ctrl-A.
You hit the orc.
The orc is severely wounded.
The orc barely misses you.
You hit the orc.
You kill the orc!
You hit the orc but do no damage. The orc hits you with a +0 hand axe!
Are you sure you want to abandon this character and quit the game? (Confirm with "yes".)

####### #.....#
#.....# ∆
#.....# #.....#
#..{o@# ###o###
# #.######.#
#####o#.....
##.....#....
#...>{##o.# .
#.#§§§§#§.#....
#..§.§§o§...#
......#§§#§§###


You could see an orc priest and an orc.

Vanquished Creatures
  An adder (D:5)
  3 leopard geckos
  An orc (D:4)
  A giant cockroach (D:2)
  A goblin (D:2)
  A quokka (D:3)
  A ball python (D:3)
  3 frilled lizards
  2 kobolds (D:2)
14 creatures vanquished.

Notes
Turn   | Place    | Note
-------+----------+-------------------------------------------
     0 | D:1      | Sapher the Gnoll Archaeologist began the quest for the Orb.
     0 | D:1      | Reached XP level 1. HP: 17/17 MP: 1/1
   158 | D:2      | Reached XP level 2. HP: 23/23 MP: 2/2
   245 | D:3      | Noticed Grinder
   248 | D:3      | Paralysed by Grinder for 2 turns
   255 | D:3      | You fall into a shaft and drop 2 floors!
   255 | D:5      | Entered Level 5 of the Dungeon
   263 | D:5      | Found a shadowy altar of Dithmenos.
   290 | D:5      | Reached XP level 3. HP: 19/28 MP: 3/3
   307 | D:5      | Noticed a scorpion
   325 | D:5      | Noticed an ice beast
   343 | D:5      | Noticed a big kobold
   370 | D:4      | Gained mutation: You have a pair of small antennae on your
                  | head. [potion of mutation]
   370 | D:4      | Gained mutation: You have large cloven feet. [potion of
                  | mutation]
   380 | D:4      | Quit the game

Action                   || total
-------------------------++-------
Melee: Whip              ||    44
       Bite              ||     5
  Use: Scroll            ||     3
       Potion            ||     1
 Stab: Sleeping          ||     8
Armor: Robe              ||     6
Dodge: Dodged            ||    29
